 Dungeon Crawl Stone Soup version 0.19-a0-994-g3c636f0 (webtiles) character file.

5551 Charly the Cleaver (level 10, -1/91 HPs)
             Began as a Minotaur Berserker on July 15, 2016.
             Was a Priest of Trog.
             Slain by Yakui's ghost (5 damage)
             ... on level 2 of the Orcish Mines.
             The game lasted 00:23:12 (1351 turns).

Charly the Cleaver (Minotaur Berserker)             Turns: 1351, Time: 00:23:13

Health: -1/91      AC: 14    Str: 22    XL:     10   Next: 44%
Magic:  9/9        EV: 10    Int:  7    God:    Trog [***...]
Gold:   209        SH:  0    Dex: 13    Spells: 0 memorised, 9 levels left

rFire  . . .     SeeInvis +     a - +2 hand axe (elec)
rCold  . . .     Gourm    .     t - +0 plate armour (curse)
rNeg   . . .     Faith    .     (no shield)
rPois  .         Spirit   .     (helmet restricted)
rElec  .         Dismiss  .     (no cloak)
rCorr  .         Reflect  .     (no gloves)
SustAt .         Harm     .     (no boots)
MR     .....                    (no amulet)
Stlth  ..........               i - ring of see invisible
                                f - +3 ring of intelligence

@: exhausted, about to teleport, slowed, very slow, not resistant to hostile
enchantments, extremely unstealthy
A: retaliatory headbutt, horns 2
a: Berserk, Trog's Hand, Burn Spellbooks, Renounce Religion


You were on level 2 of the Orcish Mines.
You worshipped Trog.
Trog was most pleased with you.
You were hungry.

You visited 2 branches of the dungeon, and saw 12 of its levels.

You collected 209 gold pieces.

Inventory:

Hand Weapons
 a - a +2 hand axe of electrocution (weapon)
 b - a +1 dire flail of holy wrath
Armour
 e - a +0 chain mail
 t - a cursed +0 plate armour (worn)
Magical Staves
 n - an uncursed staff of cold {unknown}
 p - an uncursed staff of fire {unknown}
Jewellery
 f - a +3 ring of intelligence (left hand)
 i - a ring of see invisible (right hand)
Wands
 h - a wand of digging (8/24)
Scrolls
 d - 2 scrolls of teleportation
 g - a scroll of magic mapping {unknown}
 o - a scroll of holy word {unknown}
Potions
 j - a potion of mutation {unknown}
 k - a potion of haste {unknown}
 l - a potion of curing {unknown}
 m - 2 potions of flight {unknown}
 q - a potion of invisibility {unknown}
 r - a potion of might
 s - a potion of lignification {unknown}
Comestibles
 c - 4 bread rations


   Skills:
 + Level 9.5 Fighting
 + Level 12.3 Axes
 + Level 9.3 Armour
 + Level 6.7 Dodging


You had 9 spell levels left.
You didn't know any spells.

Dungeon Overview and Level Annotations

Branches:
Dungeon (10/15)               Orc (2/2) D:10
 Temple: D:4-7         Lair: D:8-11         Elf: Orc:2

Altars:
Makhleb
Ru
Trog

Annotations:
D:4 Torax's ghost, novice DDFi
D:10 exclusion: upstairs
Orc:2 Yakui's ghost, journeyman MfGl


Innate Abilities, Weirdness & Mutations

You reflexively headbutt those who attack you in melee.
You have a pair of horns on your head.


Message History

a tomahawk; a hand axe; an orc corpse Unknown command.
Okay, then.
Okay, then.
The orc wizard hits you but does no damage.
The ogre hits you with a giant club!
* * * LOW HITPOINT WARNING * * *
The orc wizard barely misses you. You furiously retaliate!
You headbutt the orc wizard.
Things that are here:
a trident; a plate armour; an orc corpse
As you read the scroll labeled SIETYU QOLIUNI, it crumbles to dust.
You feel strangely unstable.
It was a scroll of teleportation.
The orc misses you. You furiously retaliate!
You headbutt the orc.
You kill the orc!
Trog accepts your kill. The ogre barely misses you. Yakui's ghost hits you!!
* * * LOW HITPOINT WARNING * * *
Yakui's ghost freezes you.
You die...

.......#......
#........... .
#........# ..
##........####...
#..........#.o...
#.....<.)........
..........(.....#
....###.[OO.o.o.#
$.# ###@W.....# .
#.o....##
###..### ..# ###


You could see an orc knight, an orc warrior, 2 ogres, an orc wizard, Yakui's
ghost and an orc.

Vanquished Creatures
  Josephine (D:10)
  Erica (D:10)
  An orc high priest (Orc:1)
  A hill giant (D:10)
  A troll (Orc:1)
  A wyvern (D:9)
  5 yaks (D:10)
  A vampire (D:10)
  4 wraiths (D:10)
  A warg (Orc:1)
  2 orc warriors
  A black bear (D:10)
  A sky beast (D:10)
  An eye of draining (D:10)
  A centaur (D:7)
  A giant frog (D:7)
  A wyvern zombie (D:10)
  A scorpion (D:10)
  2 killer bees (D:10)
  A crimson imp (D:10)
  An orc priest (D:4)
  4 orc wizards
  A giant frog skeleton (D:10)
  3 hounds
  A worker ant (D:9)
  A hound skeleton (D:7)
  3 adders
  An ooze (D:3)
  A giant gecko (D:3)
  21 orcs
  2 bats (D:2)
  2 giant cockroaches
  2 goblins (D:3)
  3 hobgoblins
  2 jackals (D:7)
  2 giant newts
  A kobold (D:1)
  2 rats (D:2)
82 creatures vanquished.

Notes
Turn   | Place    | Note
-------+----------+-------------------------------------------
     0 | D:1      | Charly the Minotaur Berserker began the quest for the Orb.
     0 | D:1      | Reached XP level 1. HP: 19/19 MP: 0/0
    53 | D:2      | Reached skill level 4 in Axes
    53 | D:2      | Reached XP level 2. HP: 26/26 MP: 1/1
   124 | D:2      | Found a sacrificial altar of Ru.
   130 | D:2      | Reached skill level 5 in Axes
   211 | D:2      | You fall through a shaft!
   216 | D:3      | Reached XP level 3. HP: 31/31 MP: 2/2
   224 | D:3      | Reached skill level 6 in Axes
   224 | D:3      | Reached XP level 4. HP: 39/39 MP: 3/3
   316 | D:3      | Found a bloodstained altar of Trog.
   402 | D:4      | Reached ** piety under Trog
   405 | D:4      | Reached skill level 7 in Axes
   405 | D:4      | Reached XP level 5. HP: 45/45 MP: 4/4
   458 | D:4      | Noticed Torax's ghost (novice DDFi)
   462 | D:5      | Entered Level 5 of the Dungeon
   482 | D:5      | Found a burning altar of Makhleb.
   492 | D:5      | Reached skill level 8 in Axes
   553 | D:7      | Noticed a centaur
   558 | D:7      | Killed a centaur
   558 | D:7      | Reached XP level 6. HP: 37/51 MP: 5/5
   613 | D:7      | Reached skill level 9 in Axes
   682 | D:10     | Entered Level 10 of the Dungeon
   731 | D:10     | Reached XP level 7. HP: 35/59 MP: 6/6
   748 | D:10     | Noticed a hill giant
   755 | D:10     | Killed a hill giant
   755 | D:10     | Reached skill level 5 in Fighting
   803 | D:10     | Reached skill level 10 in Axes
   803 | D:10     | Reached skill level 5 in Armour
   803 | D:10     | Reached XP level 8. HP: 37/69 MP: 7/7
  1018 | D:10     | timbw: hiya
  1030 | D:10     | Noticed Erica
  1031 | D:10     | timbw: Mi
  1031 | D:10     | timbw: back to basics :)
  1031 | D:10     | Charly: hi
  1031 | D:10     | Charly: I never won Mi
  1031 | D:10     | Charly: or Zerk
  1031 | D:10     | timbw: there probably was a time
  1031 | D:10     | timbw: when Mi was good
  1031 | D:10     | timbw: then Gr came, and Vs
  1031 | D:10     | timbw: and w/e
  1031 | D:10     | timbw: sick people might even prefer Ce or Fe
  1031 | D:10     | Charly: VS I agree
  1031 | D:10     | timbw: rip lave orcs
  1031 | D:10     | Charly: rest is probably harder
  1031 | D:10     | timbw: lava orcs*'
  1031 | D:10     | timbw: did you play any lava orcs?
  1032 | D:10     | timbw: I swear im not making it up, that use to be a species in crawl
  1033 | D:10     | Noticed Josephine
  1033 | D:10     | Charly: I dont remember
  1033 | D:10     | Charly: my first game was 0.13
  1033 | D:10     | timbw: basically a HO but with some fire stuff going
  1033 | D:10     | Charly: so probably not
  1043 | D:10     | Killed Josephine
  1043 | D:10     | Reached skill level 11 in Axes
  1043 | D:10     | Reached XP level 9. HP: 80/80 MP: 8/8
  1048 | D:10     | timbw: you might have missed them, there were removed pretty fast
  1048 | D:10     | timbw: around 0.16 I think
  1056 | D:10     | Killed Erica
  1056 | D:10     | Reached skill level 5 in Dodging
  1191 | D:10     | Reached XP level 10. HP: 90/90 MP: 9/9
  1201 | D:10     | Reached skill level 12 in Axes
  1248 | D:10     | Found a staircase to the Orcish Mines.
  1261 | Orc:1    | Entered Level 1 of the Orcish Mines
  1265 | Orc:1    | Noticed an orc high priest
  1280 | Orc:1    | Killed an orc high priest
  1335 | Orc:2    | Entered Level 2 of the Orcish Mines
  1345 | Orc:2    | Noticed Yakui's ghost (journeyman MfGl)
  1348 | Orc:2    | Reached *** piety under Trog
  1349 | Orc:2    | Noticed an orc knight
  1351 | Orc:2    | HP: 4/91 [Yakui's ghost (18)]
  1351 | Orc:2    | Slain by Yakui's ghost

Vault maps used:
D:1:      lightli_arrival_windingriver, minmay_pentomino_q2
D:2:      lemuel_coloured_pillars_altar, lemuel_round_altar, first_bread
D:3:      bloody_trog, minmay_misc_feat_more_columns, grunt_decor_one_mirror
D:4:      nicolae_overflow_crystal_walls, gammafunk_pakellas_cloud_experiment,
          solitary_fountain
D:5:      kennysheep_little_box, bloody_makhleb, grunt_qazlal_clouds,
          uniq_eustachio, uniq_sigmund
D:6:      grunt_dithmenos_shadows
D:7:      old_standard_altar, overflow_temple_1_default, lemuel_round_altar,
          dk_rats_in_the_wall, uniq_crazy_yiuf_cottage, uniq_duvessa
D:8:      kennysheep_mini, minivault_27, uniq_maurice
D:9:      lemuel_round_altar
D:10:     david_orc_1_choice, uniq_erica, uniq_josephine
Orc:1:    uniq_erolcha
Orc:2:    st_orc_town, special_room, uniq_rupert

Skill      XL: |  1  2  3  4  5  6  7  8  9 10 |
---------------+-------------------------------+-----
Axes           | 4 5 6 7 8 9 10 11 12 | 12.3
Fighting       | 4 5 7 8 9 |  9.5
Armour         | 3 5 7 8 9 |  9.3
Dodging        | 4 5 6 |  6.7

Action                   |  1- 3 |  4- 6 |  7- 9 | 10-12 || total
-------------------------+-------+-------+-------+-------++-------
Melee: Hand axe          |    22 |    64 |    50 |    39 ||   175
       Headbutt          |     1 |    14 |    16 |    10 ||    41
       Dire flail        |       |       |    30 |       ||    30
Invok: Berserk           |     2 |     3 |     7 |     2 ||    14
       Trog's Hand       |       |     2 |     4 |       ||     6
       Burn Spellbooks   |       |       |     1 |       ||     1
  Use: Scroll            |       |       |       |     1 ||     1
  Eat: Chunk             |       |     3 |     7 |     3 ||    13
       Meat ration       |       |     1 |       |       ||     1
Armor: Animal skin       |     2 |       |       |       ||     2
       Ring mail         |     1 |       |       |       ||     1
       Chain mail        |       |    41 |    24 |    12 ||    77
       Plate armour      |       |       |       |     7 ||     7
Dodge: Dodged            |    17 |    37 |    26 |    27 ||   107
